 Dungeon Crawl Stone Soup version 0.17-a0-1718-g72dbe4d (console) character file.

10525 Monkaria the Unseen (level 11, -14/45 HPs)
             Began as a Felid Berserker on Aug 26, 2015.
             Was an Elder of Trog.
             Shot with an arrow by a centaur warrior (19 damage)
             ... on level 13 of the Dungeon.
             The game lasted 00:26:32 (13783 turns).

Monkaria the Unseen (Felid Berserker)              Turns: 13783, Time: 00:26:32

Health: -14/45     AC:  9    Str: 18    XL:     11   Next: 37%
Magic:  17/17      EV: 27    Int:  9    God:    Trog [****..]
Gold:   829        SH:  0    Dex: 16    Spells: 0 memorised, 10 levels left
                                        Lives:  0   Deaths: 3

rFire  + . .     SeeInvis +       - Unarmed
rCold  + . .     Rnd*Rage +     (armour unavailable)
rNeg   . . .     SustAt   .     (shield unavailable)
rPois  .         Gourm    .     (helmet unavailable)
rElec  .         Spirit   .     (cloak unavailable)
rCorr  .         Warding  .     (gloves unavailable)
rMut   .         Rnd*Tele +     (boots unavailable)
MR     ++...                    (no amulet)
Stlth  +++++++++.               L - +3 ring of evasion
                                c - ring of protection from fire

@: exhausted, slowed, slow, very resistant to hostile enchantments, incredibly
stealthy
A: no armour, no weapons or thrown items, claws 1, fangs 3, slimy green scales
1, thin metallic scales 1, yellow scales 1, camouflage 1, see invisible, berserk
1, carnivore 3, deterioration 1, speed 1, low mp 1, magic resistance 1, shaggy
fur 3, slow metabolism 1, strong 1, teleportitis 1, wild magic 1, MP-powered
wands, sharp paws
a: Burn Spellbooks, Berserk, Trog's Hand, Brothers in Arms, Renounce Religion


You were on level 13 of the Dungeon.
You worshipped Trog.
Trog was greatly pleased with you.
You were full.

You visited 2 branches of the dungeon, and saw 14 of its levels.
You also visited: Ossuary.

You collected 829 gold pieces.

Inventory:

Jewellery
 c - a ring of protection from fire (left paw)
 i - an uncursed ring of teleportation
 m - a +3 ring of intelligence
 p - an uncursed amulet of stasis
 r - an uncursed amulet of resist mutation
 s - an uncursed ring of wizardry
 J - an uncursed ring of ice
 K - an uncursed ring of protection from fire
 L - a +3 ring of evasion (right paw)
 N - an uncursed ring of poison resistance
 P - an uncursed ring of magical power
Magical devices
 t - a wand of polymorph (7)
 A - a wand of paralysis (18)
 D - a wand of flame (25)
 F - a wand of cold (5)
 G - a wand of magic darts (26)
 M - a wand of digging (9)
 Q - a wand of enslavement (11)
 R - a wand of confusion (26)
 S - a wand of fireball (5)
 U - a wand of flame (19)
Scrolls
 b - 2 scrolls of identify
 d - 12 scrolls of remove curse
 e - 7 scrolls of blinking
 j - 5 scrolls of immolation
 k - 5 scrolls of teleportation
 o - 2 scrolls of recharging
 v - a scroll of vulnerability
 w - 2 scrolls of fog
 x - a scroll of magic mapping
 y - a scroll of amnesia
 V - a scroll of noise
Potions
 g - 3 potions of cure mutation
 h - 5 potions of curing
 l - 6 potions of might
 n - 2 potions of agility
 q - 3 potions of flight
 B - a potion of poison
 C - a potion of brilliance
 H - a potion of invisibility
 I - 2 potions of cancellation
 O - a potion of lignification
 T - a potion of resistance
 W - a potion of heal wounds
 X - a potion of haste
Books
 u - a book of Alchemy

   Spells                             Type                      Level
   a - Sublimation of Blood           Necromancy                   2
   b - Ignite Poison                  Fire/Transmutation/Poison    3
   c - Alistair's Intoxication        Transmutation/Poison         4
   d - Condensation Shield            Ice                          4
   e - Petrify                        Transmutation/Earth          4
   f - Irradiate                      Conjuration/Transmutation    5
   Trog disapproves of the use of such an item.
Comestibles
 a - 3 meat rations
 f - a beef jerky
 z - 3 royal jellies
 E - 2 slices of pizza


   Skills:
 - Level 3.0 Fighting
 - Level 9.2 Dodging
 - Level 20.3 Stealth
 - Level 5.0 Unarmed Combat
 + Level 9.8 Evocations


You had 10 spell levels left.
You didn't know any spells.

Dungeon Overview and Level Annotations

Branches:
Dungeon (13/15)            Temple (1/1) D:6            Lair (0/8) D:11
    Orc (0/4) D:9
 Vaults: D:13-14

Altars:
Ashenzari
Cheibriados
Dithmenos
Elyvilon
Fedhas
Gozag
Kikubaaqudgha
Makhleb
Nemelex Xobeh
Okawaru
Qazlal
Ru
Sif Muna
Trog
Vehumet
Xom
Yredelemnul
Zin
The Shining One
Beogh

Shops:
D:4 =((   D:9 (   D:12 %


Innate Abilities, Weirdness & Mutations

You cannot wear armour.
You are incapable of wielding weapons or throwing items.
You have sharp claws.
You have razor-sharp teeth.
You have supernaturally acute eyesight.
You are carnivorous and can eat meat at any time.
You cover ground quickly.
Your thick and shaggy fur keeps you warm (AC +3, rC+).
You have a slow metabolism.
Your sharp claws are effective at attacking unaware monsters.
You are partially covered in slimy green scales (AC +2).
You are partially covered in thin metallic scales (AC +2).
You are partially covered in yellow scales (AC +2).
Your skin changes colour to match your surroundings (Stealth).
You tend to lose your temper in combat.
Your body sometimes deteriorates upon taking damage.
Your magical capacity is low (-10% MP).
You are resistant to hostile enchantments.
Your muscles are strong. (Str +2)
You are occasionally teleported to nearby monsters.
Your spells are a little harder to cast, but a little more powerful.
You expend magic power (3 MP) to strengthen your wands.


Message History

The centaur warrior completely misses you.
The orc warrior completely misses you.
You scratch the centaur warrior but do no damage.
You bite the centaur warrior, but do no damage.
The centaur warrior is lightly wounded.
The centaur warrior completely misses you.
The centaur warrior hits you but does no damage.
The orc warrior closely misses you.
The centaur warrior wields an uncursed shortbow of freezing.
It is covered in frost.
The centaur warrior shoots an arrow.
The arrow hits you!
Items here: ( )) [[ †† The centaur warrior shoots an arrow.
The arrow hits you! The arrow freezes you.
The centaur warrior shoots an arrow.
The arrow hits you!
* * * LOW HITPOINT WARNING * * *
The arrow freezes you.
* * * LOW HITPOINT WARNING * * *
You see here 2 arrows.
The centaur warrior shoots an arrow.
The arrow hits you!!
You die...

########
.......###
.......'.#########
.......#.#.......#
.......#.#.###.###
......>#.#...#...#
.......#...#####@#
.<.....###.#[(.(.#
###+####
#.#c#####.#
#.#o)oo....
###oooO####


ooooo?.$. .ooo...... .........$. #._.o....... You could see a centaur warrior.

Vanquished Creatures
  The ghost of Melifaro the Basher, a powerful MiFi of Trog (D:11)
  A hydra (D:12)
  Nergalle (D:11)
  4 hill giants
  Pikel (D:9)
  2 cyclopes
  An ugly thing (D:12)
  A manticore (D:12)
  A yaktaur (D:6)
  A two-headed ogre (D:8)
  The ghost of Monkaria the Covert, an experienced FeBe of Trog (D:4)
  A shadow (D:12)
  A spriggan (D:7)
  7 yaks
  2 deep elf magi (D:12)
  A wraith (D:12)
  3 hippogriffs
  A hungry ghost (D:9)
  A mottled dragon (D:11)
  2 water moccasins
  2 phantoms
  7 sky beasts
  4 orc warriors
  An ice beast (D:5)
  2 ogres
  3 centaurs
  3 giant frogs
  A wyvern skeleton (D:6)
  13 killer bees
  4 scorpions
  5 wights (D:11)
  3 giant frog zombies
  A centaur zombie (D:5)
  6 crimson imps
  7 hounds
  6 jellies
  5 orc priests
  2 giant frog skeletons
  2 centaur skeletons
  6 iguanas
  14 orc wizards
  10 worker ants
  A big kobold zombie (Ossuary)
  A worker ant zombie (D:11)
  3 mummies (Ossuary)
  13 adders
  2 shadow imps
  An ooze (D:2)
  5 adder zombies
  3 worms
  3 giant geckos
  51 orcs
  7 giant cockroaches
  A gnoll zombie (Ossuary)
  4 goblins
  8 hobgoblins
  3 kobolds
  6 quokkas
  4 ball pythons
  7 bats
  2 giant gecko skeletons
  A giant gecko zombie (D:6)
  7 giant newts
  3 goblin zombies (Ossuary)
  6 hobgoblin zombies (Ossuary)
  6 jackals
  2 jackal skeletons (D:5)
  3 kobold zombies (Ossuary)
  A quokka zombie (Ossuary)
  8 rats
  A rat zombie (Ossuary)
304 creatures vanquished.

Vanquished Creatures (collateral kills)
  Maud (D:11)
  4 skeletal warriors (D:12)
  A wyvern (D:11)
  An orc warrior (D:11)
7 creatures vanquished.

Grand Total: 311 creatures vanquished

Notes
Turn   | Place    | Note
--------------------------------------------------------------
     0 | D:1      | Monkaria the Felid Berserker began the quest for the Orb.
     0 | D:1      | Reached XP level 1. HP: 10/10 MP: 2/2
   222 | D:1      | Reached XP level 2. HP: 14/14 MP: 3/3
   373 | D:1      | Found a shimmering altar of Xom.
  1360 | D:2      | Found a deep blue altar of Sif Muna.
  1436 | D:2      | Reached XP level 3. HP: 7/17 MP: 4/4
  2264 | D:2      | Found a snail-covered altar of Cheibriados.
  2274 | D:2      | Acquired Trog's second power
  2605 | D:2      | Reached XP level 4. HP: 17/21 MP: 5/5
  2769 | D:2      | Reached skill level 5 in Unarmed Combat
  2807 | D:3      | Reached skill level 1 in Stealth
  2899 | D:3      | Found a bloodstained altar of Trog.
  2968 | D:3      | Reached XP level 5. HP: 21/24 MP: 6/6
  3575 | D:4      | Found Mujifoj's Antique Weapon Boutique.
  3589 | D:4      | Reached skill level 5 in Stealth
  3722 | D:4      | Reached skill level 6 in Stealth
  3867 | D:4      | Gained mutation: You are covered in thick fur (AC +2). [Felid growth]
  3867 | D:4      | Reached XP level 6. HP: 28/28 MP: 7/7
  3943 | D:4      | Reached skill level 7 in Stealth
  4061 | D:4      | Found Byusu Jyi's Weapon Shop.
  4382 | D:4      | Found Dichub's Jewellery Shoppe.
  4670 | D:4      | Reached skill level 8 in Stealth
  4763 | D:4      | Noticed Monkaria's ghost (experienced FeBe)
  4775 | D:4      | Killed Monkaria's ghost
  4775 | D:4      | Reached skill level 9 in Stealth
  4775 | D:4      | Reached XP level 7. HP: 31/31 MP: 8/8
  4863 | D:5      | Entered Level 5 of the Dungeon
  4899 | D:5      | Reached skill level 10 in Stealth
  4980 | D:5      | Gained mutation: You evolve. [mutagenic meat]
  4981 | D:5      | Gained mutation: Your skin changes colour to match your surroundings (Stealth). [mutagenic meat]
  4982 | D:5      | Gained mutation: You are partially covered in yellow scales (AC +2). [mutagenic meat]
  4983 | D:5      | Gained mutation: You are dopey. (Int -2) [mutagenic meat]
  4984 | D:5      | Gained mutation: You are resistant to hostile enchantments. [mutagenic meat]
  4998 | D:5      | Found a sand-covered staircase.
  5014 | Ossuary  | Entered an ossuary
  5425 | D:5      | Reached skill level 11 in Stealth
  5494 | D:5      | Reached XP level 8. HP: 34/34 MP: 9/9
  5542 | D:5      | Reached skill level 12 in Stealth
  5663 | D:5      | Lost mutation: You evolve. [end of evolution]
  6194 | D:6      | Found an iron altar of Okawaru.
  6239 | D:6      | Reached skill level 13 in Stealth
  6277 | D:6      | Found a staircase to the Ecumenical Temple.
  6363 | D:6      | Slain by an orc warrior
  6364 | D:6      | Reached XP level 7. HP: -1/31 MP: 8/8
  6371 | D:6      | Acquired Trog's third power
  6410 | D:6      | Reached skill level 14 in Stealth
  6437 | D:6      | Reached XP level 8. HP: 15/34 MP: 9/9
  6488 | D:6      | Gained mutation: You are partially covered in thin metallic scales (AC +2). [mutagenic meat]
  6489 | D:6      | Gained mutation: Your spells are a little harder to cast, but a little more powerful. [mutagenic meat]
  6491 | D:6      | Gained mutation: You are occasionally teleported to nearby monsters. [mutagenic meat]
  6492 | D:6      | Gained mutation: Your muscles are strong. (Str +2) [mutagenic meat]
  6493 | D:6      | Gained mutation: You are robust (+10% HP). [mutagenic meat]
  6649 | D:6      | Noticed a yaktaur
  6662 | D:6      | Killed a yaktaur
  6672 | D:6      | Slain by an orc warrior
  6673 | D:6      | Reached XP level 7. HP: 0/34 MP: 8/8
  6732 | D:6      | Reached skill level 15 in Stealth
  7345 | Temple   | Entered the Ecumenical Temple
  7685 | D:7      | Reached XP level 8. HP: 37/37 MP: 9/9
  7992 | D:7      | Found a glowing silver altar of Zin.
  7992 | D:7      | Found an opulent altar of Gozag.
  8115 | D:7      | Noticed a spriggan baker
  8118 | D:7      | Killed a spriggan baker
  8118 | D:7      | Reached skill level 16 in Stealth
  8484 | D:8      | Found a sacrificial altar of Ru.
  8588 | D:8      | Found a white marble altar of Elyvilon.
  8720 | D:8      | Gained mutation: You are highly resistant to hostile enchantments. [mutagenic meat]
  8721 | D:8      | Lost mutation: You are robust (+10% HP). [mutagenic meat]
  8845 | D:8      | Noticed a two-headed ogre
  8848 | D:8      | Killed a two-headed ogre
  8848 | D:8      | Reached skill level 17 in Stealth
  8848 | D:8      | Reached XP level 9. HP: 37/37 MP: 10/10
  9112 | D:8      | Found a basalt altar of Yredelemnul.
  9497 | D:8      | Reached skill level 18 in Stealth
  9895 | D:9      | Noticed Pikel
  9904 | D:9      | Killed Pikel
 10105 | D:9      | Noticed a cyclops
 10115 | D:9      | Killed a cyclops
 10115 | D:9      | Reached skill level 19 in Stealth
 10115 | D:9      | Reached XP level 10. HP: 20/42 MP: 11/11
 10121 | D:9      | Gained mutation: Your flesh is heat resistant. [mutagenic meat]
 10122 | D:9      | Lost mutation: You are dopey. (Int -2) [mutagenic meat]
 10123 | D:9      | Gained mutation: Your body sometimes deteriorates upon taking damage. [mutagenic meat]
 10124 | D:9      | Gained mutation: You tend to lose your temper in combat. [mutagenic meat]
 10144 | D:9      | Gained mutation: You expend magic power (3 MP) to strengthen your wands. [mutagenic meat]
 10145 | D:9      | Lost mutation: Your flesh is heat resistant. [mutagenic meat]
 10211 | D:9      | Gained mutation: Your thick and shaggy fur keeps you warm (AC +3, rC+). [mutagenic meat]
 10212 | D:9      | Lost mutation: You are highly resistant to hostile enchantments. [mutagenic meat]
 10214 | D:9      | Gained mutation: You are partially covered in slimy green scales (AC +2). [mutagenic meat]
 10291 | D:9      | Found Lob Qan's Weapon Emporium.
 10304 | D:9      | Found a staircase to the Orcish Mines.
 10535 | D:10     | Entered Level 10 of the Dungeon
 10598 | D:10     | Noticed a hill giant
 10603 | D:10     | HP: 2/42 [hill giant/giant club (37)]
 10755 | D:10     | Killed a hill giant
 10837 | D:10     | Noticed a hill giant
 10843 | D:10     | Killed a hill giant
 10843 | D:10     | Reached skill level 20 in Stealth
 11343 | D:11     | Reached skill level 5 in Dodging
 11453 | D:11     | Noticed a cyclops
 11463 | D:11     | Killed a cyclops
 11479 | D:11     | Noticed Melifaro's ghost (powerful MiFi)
 11512 | D:11     | Found a staircase to the Lair.
 11596 | D:11     | Noticed a hill giant
 11599 | D:11     | Killed a hill giant
 11657 | D:11     | Gained mutation: Your magical capacity is low (-10% MP). [mutagenic glow]
 11718 | D:11     | Killed Melifaro's ghost
 11718 | D:11     | Reached XP level 11. HP: 45/45 MP: 10/10
 11803 | D:11     | Noticed Nergalle
 11803 | D:11     | Noticed Maud
 11834 | D:11     | HP: 3/67 [Maud/halberd of venom (22)]
 11836 | D:11     | HP: 1/67 [poisoned by Maud]
 11837 | D:11     | Succumbed to Maud's poison
 11838 | D:11     | Reached XP level 10. HP: -1/63 MP: 10/10
 11983 | D:11     | Killed Nergalle
 12444 | D:11     | Killed Maud
 12497 | D:12     | Reached skill level 5 in Evocations
 12576 | D:12     | Noticed a five-headed hydra
 12598 | D:12     | Killed a five-headed hydra
 12708 | D:12     | Reached XP level 11. HP: 43/45 MP: 14/15
 12712 | D:12     | Found Xeaguar's Food Boutique.
 12716 | D:12     | Noticed a skeletal warrior
 12717 | D:12     | Noticed a skeletal warrior
 12718 | D:12     | Noticed a skeletal warrior
 12718 | D:12     | Noticed a skeletal warrior
 12745 | D:12     | Killed a skeletal warrior
 12750 | D:12     | Killed a skeletal warrior
 12776 | D:12     | Killed a skeletal warrior
 12778 | D:12     | Killed a skeletal warrior
 12958 | D:12     | Noticed a hill giant
 12966 | D:12     | Killed a hill giant
 13732 | D:13     | Found a roughly hewn altar of Beogh.
 13734 | D:13     | Noticed a centaur warrior
 13783 | D:13     | Shot with an arrow by a centaur warrior

Vault maps used:
D:1:      eino_arrival_cavern_c, xom_teletrap_fun
D:2:      nicolae_overflow_crystal_walls, lemuel_coloured_pillars_altar,
          grunt_decor_mini_mirrors
D:3:      old_standard_altar, first_bread
D:4:      serial_shops, nicolae_shop_stone, nicolae_shop_overgrown_old_shop,
          shop, grunt_ministairs_6
D:5:      lightli_ossuary_entry_decrepit_ruins
D:6:      okawaru_metal_pillars_1_2, minmay_temple_entry_trees,
          minmay_misc_feat_secret_circle, minmay_three_doors
D:7:      grunt_temple_overflow_gold_and_silver, the_bakery
D:8:      yredelemnul_altar_generic, basic_altar, elyvilon_altar_5
D:9:      orc_0_dummy, serial_shops, kennysheep_mini, st_stairs_10,
          nicolae_benzene_ring, uniq_pikel
D:11:     lair_0_dummy, minmay_misc_feat_square, uniq_nergalle, uniq_maud
D:12:     serial_shops, shop
D:13:     grunt_vaults_entry_tiered
Temple:   circular_temple_12
Ossuary:  ossuary_minmay_chase

Action                   |  1- 3 |  4- 6 |  7- 9 | 10-12 || total
-------------------------+-------+-------+-------+-------++-------
Melee: Unarmed           |   100 |   155 |   414 |   309 ||   978
Invok: Berserk           |     4 |     8 |    20 |    14 ||    46
       Trog's Hand       |       |     1 |     9 |    10 ||    20
       Brothers in Arms  |       |       |       |     4 ||     4
Evoke: Wand              |       |       |     4 |     2 ||     6
  Use: Scroll            |     3 |     4 |    19 |     6 ||    32
       Potion            |       |       |     3 |     1 ||     4
 Stab: Sleeping          |       |    11 |    41 |    30 ||    82
       Distracted        |       |       |     2 |       ||     2
  Eat: Chunk             |    11 |    15 |    52 |    45 ||   123
       Pizza             |       |       |       |     1 ||     1
